 Dungeon Crawl Stone Soup version 0.23-a0-398-g8eab93fbe2 (webtiles) character file.

69 Notair the Chopper (level 4, 0/38 HPs)
             Began as a Minotaur Gladiator on Nov 3, 2018.
             Killed from afar by an orc wizard (9 damage)
             ... with a magic dart
             ... on level 3 of the Dungeon.
             The game lasted 00:03:46 (1682 turns).

Notair the Chopper (Minotaur Gladiator)             Turns: 1682, Time: 00:03:48

Health: 0/38       AC:  5    Str: 20    XL:     4   Next: 2%
Magic:  3/3        EV: 12    Int:  5    God:
Gold:   110        SH:  0    Dex: 11    Spells: 3/3 levels left

rFire    . . .     SeeInvis .   a - +0 war axe
rCold    . . .     Gourm    .   (no shield)
rNeg     . . .     Faith    .   x - +0 ring mail
rPois    .         Spirit   .   c - +0 hat
rElec    .         Reflect  .   (no cloak)
rCorr    .         Harm     .   (no gloves)
MR       .....                  (no boots)
Stlth    ..........             (no amulet)
HPRegen  0.12/turn              (no ring)
MPRegen  0.08/turn              (no ring)

@: confused
A: retaliatory headbutt, horns 2
a: no special abilities


You were on level 3 of the Dungeon.
You were not hungry.

You visited 1 branch of the dungeon, and saw 3 of its levels.

You collected 110 gold pieces.

Inventory:

Hand Weapons
 a - a +0 war axe (weapon)
 h - a +0 hunting sling
Missiles
 d - a throwing net (quivered)
 g - 62 stones
 i - 19 poisoned needles
 s - 55 sling bullets
Armour
 b - a +0 leather armour
 c - a +0 hat (worn)
 o - a +0 chain mail
 x - a +0 ring mail (worn)
Jewellery
 r - an uncursed ring of protection from cold {unknown}
Wands
 t - a wand of iceblast (5)
Scrolls
 e - 2 scrolls of magic mapping {unknown}
 j - 2 scrolls of teleportation {unknown}
 k - 2 scrolls of amnesia {unknown}
 l - 2 scrolls of identify {unknown}
 n - a scroll of enchant armour {unknown}
 p - a scroll of fear {unknown}
 v - a scroll of fog {unknown}
 w - a scroll of blinking {unknown}
Potions
 m - 3 potions of curing {unknown}
 q - a potion of might {unknown}
 u - a potion of cancellation {unknown}
Comestibles
 f - 7 rations


   Skills:
 + Level 3.5 Fighting
 * Level 5.3 Axes
 - Level 2.0 Throwing
 - Level 3.2 Dodging


You had 3 spell levels left.
You didn't know any spells.
Your spell library was empty.

Dungeon Overview and Level Annotations

Branches:
Dungeon (3/15)

Altars:
Nemelex Xobeh


Innate Abilities, Weirdness & Mutations

You reflexively headbutt those who attack you in melee.
You have a pair of horns on your head.


Message History

The orc wizard is almost dead.
The orc wizard hits you but does no damage.
You barely miss the orc wizard.
The orc wizard is almost dead.
The orc wizard gestures at you while chanting.
You are confused.
You closely miss the orc wizard.
The orc wizard is almost dead.
The orc wizard casts a spell at you. You resist with some effort.
You bump into the rock wall.
The orc wizard hits you with a +0 dagger.
You miss the orc wizard. Your headbutt misses the orc wizard.
The orc wizard is almost dead.
The orc wizard casts a spell at you. The puff of flame hits you!
* * * LOW HITPOINT WARNING * * *
The orc wizard casts a spell at you. The magic dart hits you!
You die...

............####....# .# (.
#..##..##.###...####..#
....#..#...##.............
....#.....#####..###...#
.......).......####.# #
..........########.)###
###........)..........#
##.......########.##..#
#...........@o....# #....
#####........######..## .(..#
.........).### #..## .###
....)รท.....# #..o####..##
...........# #.#..(......
............# #..#...(.....
...................#...o(....
#..........######........o###
.#######....( ..#.####...(


You could see an orc wizard.

Vanquished Creatures
  A gnoll (D:1)
  An ooze (D:2)
  A worm (D:2)
  2 leopard geckos
  7 orcs
  4 bats
  A giant cockroach (D:1)
  3 goblins
  6 hobgoblins (D:3)
  A quokka (D:3)
  2 frilled lizards
  7 kobolds
  6 rats
42 creatures vanquished.

Notes
Turn   | Place    | Note
-------+----------+-------------------------------------------
     0 | D:1      | Notair the Minotaur Gladiator began the quest for the Orb.
     0 | D:1      | Reached XP level 1. HP: 18/18 MP: 0/0
   381 | D:1      | Reached skill level 4 in Axes
   381 | D:1      | Reached XP level 2. HP: 19/25 MP: 1/1
  1144 | D:2      | Reached XP level 3. HP: 31/31 MP: 2/2
  1351 | D:2      | Found a sparkling altar of Nemelex Xobeh.
  1522 | D:3      | Reached skill level 5 in Axes
  1674 | D:3      | Reached XP level 4. HP: 14/38 MP: 3/3
  1682 | D:3      | Killed from afar by an orc wizard

Vault maps used:
D:1:      saegor_arrival_under_anarchy
D:2:      first_ration, nemelex_dance_club_becter

Skill      XL: |  1  2  3 |
---------------+----------+-----
Axes           | 4 5 |  5.3
Fighting       | 3 |  3.5
Throwing       | |  2.0
Dodging        | |  3.2

Action                   |  1- 3 |  4- 6 || total
-------------------------+-------+-------++-------
Melee: War axe           |    70 |     7 ||    77
       Headbutt          |    14 |       ||    14
Throw: Throwing net      |     3 |       ||     3
       Stone             |    39 |       ||    39
  Eat: Chunk             |     2 |       ||     2
Armor: Leather armour    |     3 |       ||     3
       Chain mail        |    30 |       ||    30
       Ring mail         |     3 |     3 ||     6
Dodge: Dodged            |    35 |     2 ||    37

Table legend:
 A = Non-vault XP
 B = Vault XP
 C = Vault XP percentage of total XP
 D = Non-vault monster count
 E = Vault monster count
 F = Vault count percentage of total count
                 A         B        C        D         E       F
            +---------+---------+-------+---------+---------+-------
      Total |      89 |      10 |  10.1 |      40 |       2 |   4.8
            +---------+---------+-------+---------+---------+-------
        D:1 |      29 |       0 |   0.0 |      10 |       0 |   0.0
        D:2 |      25 |      10 |  28.6 |      14 |       2 |  12.5
        D:3 |      35 |       0 |   0.0 |      16 |       0 |   0.0
            +---------+---------+-------+---------+---------+-------
